 Dungeon Crawl Stone Soup version 0.25-a0-578-gc91f01c (webtiles) character file.

Game seed: 16594461589230802862, levelgen mode: deterministic

151 Faels the Ruffian (level 5, 0/79 HPs)
             Began as a Troll Berserker on Mar 4, 2020.
             Was a Believer of Trog.
             Slain by a rat (3 damage)
             ... on level 3 of the Dungeon.
             The game lasted 00:04:27 (1461 turns).

Faels the Ruffian (Troll Berserker)                 Turns: 1461, Time: 00:04:27

Health: 0/79       AC:  6    Str: 25    XL:     5   Next: 10%
Magic:  4/4        EV: 10    Int:  3    God:    Trog [**....]
Gold:   90         SH:  0    Dex: 10    Spells: 4/4 levels left

rFire    . . .     SeeInvis .     - Unarmed
rCold    . . .     Gourm    +   (no shield)
rNeg     . . .     Faith    .   a - +0 animal skin
rPois    .         Spirit   .   (helmet restricted)
rElec    .         Reflect  .   (no cloak)
rCorr    .         Harm     .   (gloves unavailable)
MR       .....                  (boots unavailable)
Stlth    ..........             (no amulet)
HPRegen  0.63/turn              (no ring)
MPRegen  0.09/turn              l - +4 ring of slaying

@: berserking, very quick
A: large, unfitting armour, claws 3, fast metabolism 3, gourmand, regeneration
1, shaggy fur 1, tough skin 3
a: Berserk, Trog's Hand, Renounce Religion


You were on level 3 of the Dungeon.
You worshipped Trog.
Trog was pleased with you.
You were very full.

You visited 1 branch of the dungeon, and saw 3 of its levels.

You collected 90 gold pieces.

Inventory:

Missiles
 j - 13 boomerangs (quivered)
Armour
 a - a +0 animal skin (worn)
Jewellery
 l - a +4 ring of slaying (right claw)
Scrolls
 d - a scroll of magic mapping {unknown}
 e - a scroll of identify
 g - a scroll of amnesia
Potions
 f - 2 potions of curing
 h - a potion of lignification {unknown}
 i - a potion of flight
 k - a potion of magic {unknown}
 m - a potion of mutation {unknown}
 n - a potion of stabbing {unknown}
Comestibles
 b - 7 rations
 c - 9 chunks of flesh


   Skills:
 + Level 3.1 Fighting
 + Level 3.2 Dodging
 * Level 4.5 Unarmed Combat


You had 4 spell levels left.
You didn't know any spells.
Your spell library was empty.

Dungeon Overview and Level Annotations

Branches:
Dungeon (3/15)

Altars:


Innate Abilities, Weirdness & Mutations

You are too large for most types of armour.
You have claws for hands.
Your metabolism is lightning-fast.
You like to eat raw meat.
Your natural rate of healing is unusually fast.
You are covered in fur. (AC +1)
You have extremely tough skin. (AC +3)


Message History

The orc wizard completely misses you.
You mangle the orc priest!!
You kill the orc priest!
Trog accepts your kill.
The orc wizard hits you but does no damage.
The worm bites you.
* * * LOW HITPOINT WARNING * * *
You mangle the orc wizard!!
You feel the power of Trog in you as your rage grows.
You kill the orc wizard!
Trog accepts your kill.
Trog appreciates your killing of a magic user.
You have reached level 5!
You claw the worm!
The worm is moderately wounded.
You claw the worm!
You kill the worm!
Trog accepts your kill. The rat bites you.
You die...

###...........#
####....#.#####..# ##
#(...##.#.##....#
.###............#######
...<÷.................#
..÷)..................#
..................[...#
.#..#..........%.|)...#
....#...........@.....#
..##.........##)†r#####
(.##..=.............
...#.....>...........#
......................#
.............)........#
......................#
#......................
..............


You could see a rat.

Vanquished Creatures
  An orc priest (D:3)
  An orc wizard (D:3)
  2 adders (D:2)
  2 oozes (D:3)
  A worm (D:3)
  4 dart slugs
  A leopard gecko (D:3)
  5 orcs
  11 goblins
  6 hobgoblins
  2 jackals (D:3)
  6 kobolds
  A quokka (D:2)
  4 bats
  4 frilled lizards
  4 rats
55 creatures vanquished.

Notes
Turn   | Place    | Note
-------+----------+-------------------------------------------
     0 | D:1      | Faels the Troll Berserker began the quest for the Orb.
     0 | D:1      | Reached XP level 1. HP: 22/22 MP: 0/0
    66 | D:1      | Reached XP level 2. HP: 29/29 MP: 1/1
   260 | D:1      | Reached XP level 3. HP: 35/36 MP: 2/2
   740 | D:2      | Reached ** piety under Trog
  1225 | D:3      | Reached skill level 4 in Unarmed Combat
  1226 | D:3      | Reached XP level 4. HP: 43/44 MP: 3/3
  1458 | D:3      | HP: 2/67 [worm (3)]
  1459 | D:3      | Reached XP level 5. HP: 2/53 MP: 4/4
  1461 | D:3      | Slain by a rat

Levels and vault maps discovered:
D:1:      zaba_arrival_water, layout_rooms, chequers_jeans, minmay_crystal_room
D:2:      layout_loops_corners
D:3:      layout_rooms, kennysheep_generic_room_3

Skill      XL: |  1  2  3  4 |
---------------+-------------+-----
Dodging        | 3 |  3.2
Unarmed Combat | 4 |  4.5
Fighting       | 3 |  3.1

Action                   |  1- 3 |  4- 6 || total
-------------------------+-------+-------++-------
Melee: Unarmed           |    83 |    35 ||   118
Invok: Berserk           |       |     1 ||     1
  Use: Scroll            |     6 |     1 ||     7
  Eat: Chunk             |    17 |     2 ||    19
Armor: Animal skin       |    33 |    11 ||    44
Dodge: Dodged            |    52 |    11 ||    63

Table legend:
 A = Non-vault XP
 B = Vault XP
 C = Vault XP percentage of total XP
 D = Non-vault monster count
 E = Vault monster count
 F = Vault count percentage of total count
                 A         B        C        D         E       F
            +---------+---------+-------+---------+---------+-------
      Total |     208 |       8 |   3.7 |      53 |       2 |   3.6
            +---------+---------+-------+---------+---------+-------
        D:1 |      49 |       0 |   0.0 |      23 |       0 |   0.0
        D:2 |      41 |       0 |   0.0 |      10 |       0 |   0.0
        D:3 |     118 |       8 |   6.3 |      20 |       2 |   9.1
            +---------+---------+-------+---------+---------+-------
